Unix NetHack Version 3.7.0-102 Work-in-progress - last build Apr 7 2024 00:22:53 (d302a6a9ff6341f1a922d8f5af178406b35fdf99,branch:master). Game began 2024-04-21 18:06:06, ended 2024-04-21 19:40:20. Ted, neutral male gnomish Wizard -------- ------ -----.--------- |.(....| #.....| |.............. |..<...| ----.-- #|*._.| |.............| # |......| |`.>... #--.--- #...............#####.......| ......| # ### #--------------- |......| --.---- # # ## -----|-- ### ### # # ## # ## # # # ## ## ## -------# # # ## ### |.....|# # # --Z---## ----|- |......# ############## |:@.e|# |....| |.....| #--------|--#######......# |.)(.| |.....-#####################|.........|## |....| |)(%%| |.....| |.........|## ------ |.%..| ------- |.........|## ------ |.......%%%# |........{|# ----------- Ted the Thaumaturge St:12 Dx:17 Co:17 In:14 Wi:10 Ch:12 Neutral S:3976 Dlvl:3 $:52 HP:0(47) Pw:4(65) AC:9 Xp:7/831 T:3427 Latest messages: The potions on the altar glow light blue for a moment. You feel that Thoth is well-pleased. You are surrounded by a golden glow. What do you want to read? [ijGHLZ or ?*] ? Never mind. q - 4 potions of holy water (5 in total). What do you want to dip? [a-eh-jnqruCDG-JLTYZ or ?*] r What do you want to dip an uncursed potion of enlightenment into? [qrT or ?*] ? Your potion of enlightenment glows with a light blue aura. What do you want to dip? [a-eh-jnqruCDG-JLTYZ or ?*] Never mind. "Hello, Ted! Welcome again to Angmagssalik's general store!" You see here a tripe ration (for sale, 15 zorkmids). You see here an egg (for sale, 9 zorkmids). You see here 2 tripe rations (for sale, 30 zorkmids). You see here a kebab (for sale, 17 zorkmids). "For you, most gracious sir; only 17 zorkmids for this kebab." M - a kebab (unpaid, 17 zorkmids). You see here a sling (for sale, 20 zorkmids). A kebab for 17 zorkmids. Pay? [yn] (n) y You bought a kebab for 17 gold pieces. "Thank you for shopping in Angmagssalik's general store!" The jackal bites! You kill the jackal! In what direction? k The sleep ray hits the yellow light. The sleep ray bounces! The sleep ray hits the yellow light. The sleep ray hits you! The yellow light explodes! You seem unaffected by it. The human zombie hits! The gecko bites! The gecko bites! The human zombie hits! The gecko bites! The gecko bites! The human zombie hits! The gecko bites! The human zombie hits! The gecko bites! The human zombie hits! The human zombie hits! The gecko bites! The human zombie hits! The gecko bites! The human zombie hits! You die... Do you want your possessions identified? [ynq] (y) y Do you want to see your attributes? [ynq] (y) q Inventory: Coins $ - 52 gold pieces Amulets C - a cursed amulet of change Weapons J - 7 +0 daggers a - a blessed +1 quarterstaff (weapon in hands) Armor b - an uncursed +0 cloak of magic resistance (being worn) Comestibles I - an uncursed kebab M - an uncursed kebab Scrolls Z - a cursed scroll of blank paper i - an uncursed scroll of enchant armor j - an uncursed scroll of enchant weapon G - a blessed scroll of identify H - an uncursed scroll of teleportation Spellbooks L - a blessed spellbook of create familiar Potions r - a blessed potion of enlightenment T - an uncursed potion of gain energy q - 4 potions of holy water Rings e - an uncursed +1 ring of adornment (on right hand) d - an uncursed ring of teleport control (on left hand) Wands c - a wand of cold (0:3) u - a wand of polymorph (1:6) Y - a wand of teleportation (1:12) Tools h - an uncursed sack containing 1 item D - an uncursed leash n - a blessed magic marker (1:50) Contents of the sack: 340 gold pieces Ted the Wizard's attributes: Background: You were a Thaumaturge, a level 7 male gnomish Wizard. You were neutral, on a mission for Thoth who was opposed by Ptah (lawful) and Anhur (chaotic). You were right-handed. You were in the Dungeons of Doom, on level 3. You entered the dungeon 3427 turns ago. You had 831 experience points, 449 more were needed to attain level 8. Your score was 3976 before end-of-game adjustments. Basics: You had 0 out of 47 hit points. You had 4 out of 65 energy points (spell power). Your armor class was 9. Your wallet contained 52 zorkmids, and you had 340 more stashed away in your pack. Autopickup was on for '$"=/!?' plus thrown. Final Characteristics: Your strength was 12 (limit:18/50). Your dexterity was 17 (limit:18). Your constitution was 17 (limit:18). Your intelligence was 14 (limit:19). Your wisdom was 10 (limit:18). Your charisma was 12 (base:11, limit:18). Final Status: You weren't hungry. You were unencumbered. You were wielding a quarterstaff. You had basic skill with quarterstaff and could have enhanced that. Final Attributes: You were piously aligned. You were magic-protected. You had infravision. You were more charismatic. You had teleport control. You were warded. You were lucky. You are dead. Miscellaneous: You never encountered a bones level. Total elapsed playing time was 1 hour, 34 minutes and 12 seconds. Major events: Turn 1: Ted the neutral male gnomish Wizard entered the dungeon 657: attained the rank of Conjurer (level 3) 1355: attained the rank of Thaumaturge (level 6) 3427: killed by a human zombie, while sleeping Vanquished creatures: a water demon a dwarf ruler a leprechaun 6 water moccasins 5 bugbears a wood nymph a water nymph 5 Mordor orcs a yellow light a violet fungus a gnome leader 2 elf zombies a giant ant 2 floating eyes a homunculus a kobold shaman a giant bat 2 orc zombies 3 iguanas a gas spore a manes a large kobold 8 hobgoblins 3 gnomes 4 geckos 3 jackals 2 foxes 3 kobolds 5 goblins 9 grid bugs 2 lichens a newt 80 creatures vanquished. No species were genocided or became extinct. Voluntary challenges: You read items or engraved 26 times. You engraved Elbereth 1 time. You never had a pet. You never genocided any monsters. You never changed form. You used no wishes. Achievements: You entered a shop. You attained the rank of Conjurer. You attained the rank of Thaumaturge. The Dungeons of Doom: levels 1 to 6 Level 1: Level 2: Level 3: <- You were here. An altar to Thoth, a fountain, a grave. Final resting place for you, killed by a human zombie, while sleeping. Level 4: A fountain, a grave. Level 5: Level 6: Game over: ---------- / \ / REST \ / IN \ / PEACE \ / \ | Ted | | 392 Au | | killed by a | | human zombie | | | | | | 2024 | *| * * * | * _________)/\\_//(\/(/\)/\//\/|_)_______ Goodbye Ted the Wizard... You died in The Dungeons of Doom on dungeon level 3 with 3937 points, and 392 pieces of gold, after 3427 moves. You were level 7 with a maximum of 47 hit points when you died.